 Dungeon Crawl Stone Soup version 0.21-a0-618-g6cbd37f (webtiles) character file.

37 nikopol the Skirmisher (level 3, 0/34 HPs)
             Began as a Minotaur Berserker on Dec 21, 2017.
             Was a Follower of Trog.
             Succumbed to an adder's poison
             ... on level 2 of the Dungeon on Dec 23, 2017.
             The game lasted 00:03:28 (1073 turns).

nikopol the Skirmisher (Minotaur Berserker)         Turns: 1073, Time: 00:03:29

Health: 0/34       AC:  6    Str: 22    XL:     3   Next: 23%
Magic:  2/2        EV:  8    Int:  4    God:    Trog [*.....]
Gold:   57         SH:  7    Dex:  9    Spells: 2/2 levels left

rFire    . . .     SeeInvis .   a - +0 hand axe
rCold    . . .     Gourm    .   k - +0 shield
rNeg     . . .     Faith    .   e - +0 ring mail
rPois    .         Spirit   .   (helmet restricted)
rElec    .         Reflect  .   (no cloak)
rCorr    .         Harm     .   f - +0 pair of gloves
MR       .....                  (no boots)
Stlth    ..........             (no amulet)
HPRegen  0.11/turn              (no ring)
MPRegen  0.08/turn              (no ring)

@: lethally poisoned (0 -> -5), berserk cooldown, flying, slowed, very slow
A: retaliatory headbutt, horns 2
a: Berserk, Burn Spellbooks, Renounce Religion


You were on level 2 of the Dungeon.
You worshipped Trog.
Trog was aware of your devotion.
You were very hungry.

You visited 1 branch of the dungeon, and saw 2 of its levels.

You collected 57 gold pieces.

Inventory:

Hand Weapons
 a - a +0 hand axe (weapon)
Armour
 b - a +0 animal skin
 e - a +0 ring mail (worn)
 f - a +0 pair of gloves (worn)
 k - a +0 shield (worn)
Scrolls
 d - 3 scrolls of enchant armour {unknown}
 h - a scroll of identify {unknown}
 j - a scroll of amnesia {unknown}
Comestibles
 c - 4 rations
 i - 6 chunks of flesh


   Skills:
 + Level 4.4 Fighting
 + Level 4.2 Axes
 + Level 2.6 Armour
 + Level 2.5 Dodging


You had 2 spell levels left.
You didn't know any spells.

Dungeon Overview and Level Annotations

Branches:
Dungeon (2/15)

Altars:
Gozag


Innate Abilities, Weirdness & Mutations

You reflexively headbutt those who attack you in melee.
You have a pair of horns on your head.


Message History

You feel sick.
You see here a chunk of flesh.
You are too berserk!
You are no longer berserk.
You are exhausted.
You feel yourself slow down.
It was a potion of flight.
You feel very buoyant.
You fly up into the air.
* * * LOW HITPOINT WARNING * * *
You feel sick.
* * * LOW HITPOINT WARNING * * *
You feel sick.
You see here a chunk of flesh.
i - 6 chunks of flesh (gained 1)
* * * LOW HITPOINT WARNING * * *
You feel sick.
* * * LOW HITPOINT WARNING * * *
You feel sick.
You die...

..# #...)# #..#######
..###...(#########........#
#...'....(..........#####.#
#.###....############
#.#.....## #.#.###.#
#.#...#.#
#.###.#.################
#.# #.#....##...@.......
#.# #.####.##.##########
#.###.####.##.#
#..........##.#
#####.#######.# #.#######.#
#.........# ###########


There were no monsters in sight!

Vanquished Creatures
  An adder (D:2)
  An ooze (D:1)
  A ball python (D:1)
  A giant cockroach (D:1)
  A goblin (D:1)
  3 hobgoblins (D:1)
  2 jackals (D:2)
  3 bats
  2 frilled lizards (D:1)
  6 kobolds
  3 rats
24 creatures vanquished.

Notes
Turn   | Place    | Note
-------+----------+-------------------------------------------
     0 | D:1      | nikopol the Minotaur Berserker began the quest for the Orb.
     0 | D:1      | Reached XP level 1. HP: 19/19 MP: 0/0
   235 | D:1      | Reached XP level 2. HP: 27/27 MP: 1/1
   829 | D:1      | Upgraded the game from 0.21-a0-584-g185da8e to 0.21-a0-618-g6cbd37f
   913 | D:2      | Found an opulent altar of Gozag.
  1064 | D:2      | Reached XP level 3. HP: 10/34 MP: 2/2
  1072 | D:2      | HP: 1/34 [poisoned by an adder]
  1073 | D:2      | Succumbed to an adder's poison

Vault maps used:
D:1:      nzn_arrival_crosshair
D:2:      mumra_celtic_spiral_tile,
          nicolae_gozag_cash_rules_everything_around_me, uniq_jessica

Skill      XL: |  1  2 |
---------------+-------+-----
Axes           | 4 |  4.2
Fighting       | 4 |  4.4
Armour         | |  2.6
Dodging        | |  2.5

Action                   || total
-------------------------++-------
Melee: Hand axe          ||    48
       Headbutt          ||     5
Invok: Berserk           ||     1
  Use: Potion            ||     1
Armor: Animal skin       ||     2
       Ring mail         ||    16
Dodge: Dodged            ||    31
Block: Shield            ||     2

Table legend:
 A = Spawn XP
 B = Non-spawn XP
 C = Spawn XP percentage of total XP
 D = Spawn monster count
 E = Non-spawn monster count
 F = Spawn count percentage of total count
 G = Total turns spent on level
                    A         B        C        D         E        F      G
               +---------+---------+-------+---------+---------+-------+---------
         Total |       0 |      54 |   0.0 |       0 |      24 |   0.0 |  1073
               +---------+---------+-------+---------+---------+-------+---------
           D:1 |       0 |      30 |   0.0 |       0 |      17 |   0.0 |   841
           D:2 |       0 |      24 |   0.0 |       0 |       7 |   0.0 |   232
               +---------+---------+-------+---------+---------+-------+---------
